 Dungeon Crawl Stone Soup version 0.21.1-1-g345015f (webtiles) character file.

234 buskinjo2 the Poker (level 6, 0/39 HPs)
             Began as an Octopode Gladiator on Mar 2, 2018.
             Slain by an iguana (13 damage)
             ... on level 4 of the Dungeon.
             The game lasted 00:04:28 (2646 turns).

buskinjo2 the Poker (Octopode Gladiator)            Turns: 2646, Time: 00:04:29

Health: 0/39       AC:  1    Str: 13    XL:     6   Next: 5%
Magic:  6/6        EV: 20    Int: 13    God:
Gold:   135        SH:  0    Dex: 18    Spells: 5/5 levels left

rFire    . . .     SeeInvis .   a - +1 trident
rCold    . . .     Gourm    +   (no shield)
rNeg     . . .     Faith    .   b - +0 hat
rPois    .         Spirit   .   f - amulet of the gourmand
rElec    .         Reflect  .   (no ring)
rCorr    .         Harm     .   (no ring)
MR       .....                  (no ring)
Stlth    ++++......             (no ring)
HPRegen  0.13/turn              (no ring)
MPRegen  0.10/turn              (no ring)
                                (no ring)
                                (no ring)

@: agile
A: almost no armour, stealthy swim, amphibious, 8 rings, constrict 8, camouflage
1, gelatinous body 1
a: no special abilities


You were on level 4 of the Dungeon.
You were not hungry.

You visited 1 branch of the dungeon, and saw 4 of its levels.

You collected 135 gold pieces.

Inventory:

Hand Weapons
 a - a +1 trident (weapon)
Missiles
 c - 3 throwing nets
 e - 121 stones (quivered)
Armour
 b - a +0 hat (worn)
Jewellery
 f - an amulet of the gourmand (around mantle)
Wands
 o - a wand of random effects (15)
Scrolls
 j - a scroll of magic mapping
 k - a scroll of remove curse
 m - a scroll of amnesia {unknown}
Potions
 g - a potion of agility
 i - a potion of might
 n - a potion of degeneration
Comestibles
 d - 3 rations


   Skills:
 - Level 2.0 Fighting
 + Level 6.5 Polearms
 - Level 2.0 Throwing
 - Level 3.0 Dodging


You had 5 spell levels left.
You didn't know any spells.

Dungeon Overview and Level Annotations

Branches:
Dungeon (4/15)
 Temple: D:4-7

Altars:
Hepliaklqana
Makhleb
Nemelex Xobeh
Ru
Sif Muna
Vehumet
Wu Jian
Yredelemnul

Annotations:
D:2 exclusion: downstairs
D:3 Mirai's ghost, amateur DsBe
D:4 Grinder


Innate Abilities, Weirdness & Mutations

You cannot wear most types of armour.
You are very stealthy in the water. (Stealth+)
You are amphibious.
You can wear up to eight rings at the same time.
You can use your tentacles to constrict eight enemies at once.
Your skin changes colour to match your surroundings (Stealth+).
Your rubbery body absorbs attacks. (AC +1, EV +1)


Message History

Aim: an iguana (moderately wounded, constricted by you)
You hit the iguana.
You squeeze the iguana, but do no damage.
The iguana is heavily wounded.
You constrict the iguana. The iguana bites you.
* * * LOW HITPOINT WARNING * * *
Okay, then.
You release your grip on the iguana.
You feel sick.
You are no longer poisoned.
Grinder comes into view.
You feel better.
Grinder shouts!
Grinder says, "You look like you could use a good racking."
The iguana closely misses you.
You feel agile all of a sudden. Grinder gestures at you.
You barely resist. The iguana misses you.
Unknown command.
Grinder blinks!
The iguana bites you!
You die...

######### #.......#
#########
#########.#####.####........
..........)............#####
...........@.....###.#.# #
#.#.......l..5..# #.#.##
#.#.#.#.##†#####..#
#....#### ###.#.#.#.
#.#####..###........
........#.
#.##.##..##.....###.
.......... #.#.....<......##
#. #....#####........##....#
#.
##..##.##........###.#.####.
#...........................


You could see Grinder and an iguana.

Vanquished Creatures
  An ogre (D:4)
  A howler monkey (D:4)
  An orc wizard (D:3)
  2 adders
  3 worms
  2 dart slugs
  4 leopard geckos
  6 orcs
  2 ball pythons
  3 giant cockroaches
  5 goblins
  2 hobgoblins
  3 jackals (D:2)
  9 bats
  5 frilled lizards
  2 kobolds
  2 rats
53 creatures vanquished.

Notes
Turn   | Place    | Note
-------+----------+-------------------------------------------
     0 | D:1      | buskinjo2 the Octopode Gladiator began the quest for the Orb.
     0 | D:1      | Reached XP level 1. HP: 14/14 MP: 1/1
   235 | D:1      | Reached XP level 2. HP: 19/19 MP: 2/2
   603 | D:1      | You fall through a shaft!
   636 | D:2      | Reached skill level 4 in Polearms
   717 | D:2      | Reached XP level 3. HP: 22/24 MP: 3/3
  1074 | D:2      | Found a hazy altar of Hepliaklqana.
  1089 | D:2      | Found a sacrificial altar of Ru.
  1089 | D:2      | Found a sparkling altar of Nemelex Xobeh.
  1090 | D:2      | Found an ornate altar of the Wu Jian Council.
  1093 | D:2      | Found a basalt altar of Yredelemnul.
  1094 | D:2      | Found a deep blue altar of Sif Muna.
  1444 | D:2      | Found a burning altar of Makhleb.
  1444 | D:2      | Found a radiant altar of Vehumet.
  1555 | D:2      | Reached XP level 4. HP: 29/29 MP: 4/4
  1674 | D:3      | Noticed Mirai's ghost (amateur DsBe)
  1835 | D:3      | Reached skill level 5 in Polearms
  2000 | D:3      | Found a faded altar of an unknown god.
  2179 | D:4      | Reached XP level 5. HP: 10/34 MP: 5/5
  2611 | D:4      | Noticed an ogre
  2616 | D:4      | Killed an ogre
  2616 | D:4      | Reached skill level 6 in Polearms
  2616 | D:4      | Reached XP level 6. HP: 39/39 MP: 6/6
  2643 | D:4      | Noticed Grinder
  2646 | D:4      | Slain by an iguana

Skill      XL: |  1  2  3  4  5 |
---------------+----------------+-----
Polearms       | 4 5 6 |  6.5
Fighting       | |  2.0
Throwing       | |  2.0
Dodging        | |  3.0

Action                   |  1- 3 |  4- 6 || total
-------------------------+-------+-------++-------
Melee: Trident           |    80 |    45 ||   125
       Constrict         |    18 |    10 ||    28
       Tentacles         |     4 |    12 ||    16
Evoke: Wand              |       |     5 ||     5
  Use: Scroll            |       |     9 ||     9
       Potion            |       |     2 ||     2
 Stab: Sleeping          |     9 |     1 ||    10
       Distracted        |     1 |       ||     1
  Eat: Chunk             |     1 |    10 ||    11
Armor: Skin              |     5 |     2 ||     7
Dodge: Dodged            |    44 |    16 ||    60
